 Dungeon Crawl Stone Soup version 0.27-a0-898-g810843a28d (webtiles) character file.

Game seed: 16583976349357946612

297 funkygono the Magician (level 6, -4/40 HPs)
             Began as a Djinni Fire Elementalist on Apr 5, 2021.
             Killed from afar by Blork the orc (5 damage)
             ... with a magic dart
             ... on level 4 of the Dungeon.
             The game lasted 00:05:55 (3294 turns).

funkygono the Magician (Djinni Fire Elementalist)   Turns: 3294, Time: 00:05:56

Health: -4/40      AC:  5    Str:  5 (8)  XL:     6   Next: 35%
Gold:   99         EV:  9    Int: 17 (18) God:
                   SH:  0    Dex: 12 (13)

rFire    + + .     SeeInvis .   d - +0 dagger (chaos)
rCold    x . .     Faith    .   (no shield)
rNeg     . . .     Spirit   .   e - +0 ring mail
rPois    ∞         Reflect  .   (no helmet)
rElec    .         Harm     .   (no cloak)
rCorr    .         Rampage  .   (no gloves)
Will     .....                  (boots unavailable)
Stlth    +.........             (no amulet)
HPRegen  0.13/turn              (no ring)
MPRegen  0.00/turn              (no ring)

@: flying
A: fire resistance 2, cold vulnerability 1, float, innate caster, hp casting,
extra vitality 1
a: no special abilities


You were on level 4 of the Dungeon.
You visited 1 branch of the dungeon, and saw 4 of its levels.

You collected 99 gold pieces.

Inventory:

Hand Weapons
 d - a +0 dagger of chaos (weapon)
Armour
 a - a +0 robe
 e - a +0 ring mail (worn)
 f - a +0 chain mail
Jewellery
 j - a +6 ring of intelligence
Wands
 i - a wand of flame (5)
Scrolls
 b - 4 scrolls of identify
Potions
 c - a potion of resistance
 g - a potion of ambrosia
 k - a potion of mutation {unknown}


   Skills:
 * Level 1.1 Armour
 + Level 2.5 Dodging
 - Level 1.5 Stealth
 * Level 5.6 Spellcasting


You couldn't memorise any spells.
You knew the following spells:

 Your Spells              Type           Power      Damage    Failure   Level
a - Foxfire               Conj/Fire      96%        2x1d8     6%          1
b - Conjure Flame         Conj/Fire      24%        6-21      19%         3
c - Inner Flame           Hex/Fire       24%        N/A       19%         3
d - Sticky Flame          Conj/Fire      24%        2d5       52%         4
e - Fireball              Conj/Fire      12%        3d7       86%         5
f - Sting                 Tmut/Pois      96%        1d7       6%          1
g - Searing Ray           Conj           48%        3d5       10%         2
Your spell library was empty.

Dungeon Overview and Level Annotations

Branches:
Dungeon (4/15)
 Temple: D:4-7

Altars:
Nemelex Xobeh
Trog
Vehumet
Yredelemnul

Annotations:
D:4 Blork the orc, Pikel


Innate Abilities, Weirdness & Mutations

You are immune to poison.
Your flesh is very heat resistant. (rF++)
You are vulnerable to cold. (rC-)
You float through the air rather than walking.
You learn spells naturally, not from books.
Your magical power is your life essence.
You have superior vitality. (+4 HP)


Message History

Pikel looks more healthy.
Casting: Sting (safe; 3% risk of failure)
Confirm with . or Enter, or press ? or * to list all spells.
Aiming: Sting (safe; 3% risk of failure)
Press: ? - help, Shift-Dir - straight line, f/p - Pikel
Aim: Pikel, wielding a +1 whip of freezing and wearing a +0 robe (moderately wounded, 28% to evade)
The sting hits Pikel.
Pikel is poisoned.
Pikel is moderately wounded.
Pikel barely misses you.
Blork the orc looks satisfied for a moment.
Pikel looks more healthy.
Blork the orc gestures at you while chanting.
The magic dart hits you!
Blork the orc opens the door.
Pikel says, "I'm sure they'll be treated well, anyway."
Casting: Sting (safe; 3% risk of failure)
Confirm with . or Enter, or press ? or * to list all spells.
Aiming: Sting (safe; 3% risk of failure)
Press: ? - help, Shift-Dir - straight line, f/p - Pikel
Aim: Pikel, wielding a +1 whip of freezing and wearing a +0 robe (moderately wounded, 28% to evade)
The sting hits Pikel.
Pikel is poisoned.
Pikel is moderately wounded.
The lemure hits you.
Pikel says, "Hell isn't that bad."
Blork the orc gestures at you while chanting.
The magic dart hits you!
* * * LOW HITPOINT WARNING * * *
The lemure hits you.
* * * LOW HITPOINT WARNING * * *
Blork the orc hits you with a +2 vorpal morningstar!
* * * LOW HITPOINT WARNING * * *
x2 Pikel looks more healthy.
Blork the orc is no longer moving quickly.
Blork the orc misses you.
It was a potion of degeneration.
There was something very wrong with that liquid.
You feel weakened.
You feel dopey.
You feel clumsy. Blork the orc casts a spell at you. The magic dart hits you.
You die...

.....'....#♣.P♣♣ #..........#
.....######..♣♣#.# #..........#
.....##..........# #....5.....#
'######.###..#♣♣♣♣ #.......)..#
..............♣ ♣♣♣###..........#
#######.####........##..........#
######.#####.♣.♣♣♣.##..#########
#............♣♣♣♣♣..K.....#
#......#.#.....@oK.5......#
#......._.......5.........# ###
#......#.#................#....
#............(............#....
#..............................
#..............................
#......................)....###
##...........................#
...........................<.#


You could see Pikel, Blork the orc, 2 lemures and a kobold.

Vanquished Creatures
  Menkaure (D:4)
  Natasha (thrice) (D:3)
  4 adders
  An adder skeleton (D:4)
  3 worms
  A dart slug (D:1)
  3 orcs (D:3)
  4 endoplasms
  A giant cockroach (D:3)
  7 goblins
  5 hobgoblins
  3 kobolds
  4 quokkas
  3 ball pythons
  2 bats
  5 frilled lizards
  4 rats
54 creatures vanquished.

Vanquished Creatures (collateral kills)
  A foxfire (D:4)
1 creature vanquished.

Vanquished Creatures (others)
  187 foxfires
  A plant (D:4)
188 creatures vanquished.

Grand Total: 243 creatures vanquished

Notes
Turn   | Place    | Note
-------+----------+-------------------------------------------
     0 | D:1      | funkygono the Djinni Fire Elementalist began the quest for
                  | the Orb.
     0 | D:1      | Reached XP level 1. HP: 15/15 MP: 0/0
   266 | D:1      | Reached skill level 3 in Spellcasting
   381 | D:1      | Reached XP level 2. HP: 19/21 MP: 0/0
   777 | D:2      | Reached XP level 3. HP: 23/25 MP: 0/0
   777 | D:2      | Learned a level 1 spell: Sting
  1631 | D:3      | Noticed Natasha
  1643 | D:3      | Killed Natasha
  1644 | D:3      | Reached skill level 4 in Spellcasting
  1644 | D:3      | Reached XP level 4. HP: 7/31 MP: 0/0
  2000 | D:3      | Noticed Natasha
  2007 | D:3      | Killed Natasha
  2008 | D:3      | Reached XP level 5. HP: 30/35 MP: 0/0
  2008 | D:3      | Learned a level 2 spell: Searing Ray
  2300 | D:3      | Found a sparkling altar of Nemelex Xobeh.
  2586 | D:3      | Noticed Natasha
  2595 | D:3      | Killed Natasha
  2596 | D:3      | Reached skill level 5 in Spellcasting
  2774 | D:4      | Found a basalt altar of Yredelemnul.
  2784 | D:4      | Noticed Menkaure
  2819 | D:4      | Killed Menkaure
  2820 | D:4      | Reached skill level 1 in Armour
  2820 | D:4      | Reached XP level 6. HP: 8/40 MP: 0/0
  3128 | D:4      | Found a bloodstained altar of Trog.
  3249 | D:4      | Noticed Blork the orc
  3249 | D:4      | Noticed Pikel
  3291 | D:4      | HP: 2/40 [Blork the orc/+2 vorpal morningstar (8)]
  3294 | D:4      | Killed from afar by Blork the orc

Illustrated notes

Levels and vault maps discovered:
D:1:      dpeg_arrival_more_subterranean_lakeside_camping, layout_basic
D:2:      layout_basic
D:3:      layout_basic, general_overflow_altar, lemuel_tele_altar, uniq_natasha
D:4:      layout_basic, lemuel_doored_altar, lemuel_crystal_altar, trog_book,
          serial_forest, infiniplex_forest_corner_1, infiniplex_forest_lined_2,
          infiniplex_forest_split, infiniplex_forest_clump_medium,
          infiniplex_forest_clump_small, infiniplex_forest_end_3,
          infiniplex_forest_zigzag_2, infiniplex_forest_straight_4,
          infiniplex_forest_end_2, uniq_pikel, uniq_menkaure, uniq_blork_the_orc

Skill      XL: |  1  2  3  4  5 |
---------------+----------------+-----
Spellcasting   | 3 4 5 |  5.6
Armour         | 1 |  1.1
Dodging        | |  2.5
Stealth        | |  1.5

Action                   |  1- 3 |  4- 6 || total
-------------------------+-------+-------++-------
Melee: Dagger            |     2 |     3 ||     5
 Cast: Foxfire           |    61 |    47 ||   108
       Sting             |     7 |    14 ||    21
  Use: Scroll            |     5 |     1 ||     6
       Potion            |       |     3 ||     3
Armor: Robe              |     2 |       ||     2
Dodge: Dodged            |     4 |    10 ||    14

Table legend: (Time is in decaauts)
 A = Elapsed time spent in this place.
 B = Non-inter-level travel time spent in this place.
 C = Inter-level travel time spent in this place.
 D = Time resting spent in this place.
 E = Time spent auto-exploring this place.
 F = Levels seen in this place.
 G = Mean time per level.
                   A        B        C        D        E       F      G
               +--------+--------+--------+--------+--------+-----+--------+
         Total |   3299 |   3248 |     51 |    227 |   2635 |   4 |  824.8 |
       Dungeon |   3299 |   3248 |     51 |    227 |   2635 |   4 |  824.8 |
               +--------+--------+--------+--------+--------+-----+--------+

Top non-repeatable levels by time:
     D:3: 1068 daAuts
     D:2: 897 daAuts
     D:1: 725 daAuts
     D:4: 607 daAuts
